 Dungeon Crawl Stone Soup version 0.22-a0-299-g43f9854 (webtiles) character file.

100 sankara the Firebug (level 4, -1/30 HPs)
             Began as a Demonspawn Fire Elementalist on Mar 25, 2018.
             Slain by Anon1729's ghost (2 damage)
             ... on level 3 of the Dungeon.
             The game lasted 00:09:18 (2746 turns).

sankara the Firebug (Demonspawn Fire Elementalist)  Turns: 2746, Time: 00:09:18

Health: -1/30      AC:  2    Str:  8    XL:     4   Next: 47%
Magic:  0/8        EV: 12    Int: 17    God:
Gold:   66         SH:  0    Dex: 14    Spells: 0/8 levels left

rFire    . . .     SeeInvis .   a - +1 whip (venom)
rCold    + . .     Gourm    .   (no shield)
rNeg     . . .     Faith    .   k - +0 robe
rPois    +         Spirit   .   (no helmet)
rElec    .         Reflect  .   (no cloak)
rCorr    .         Harm     .   (no gloves)
MR       .....                  (no boots)
Stlth    ++........             (no amulet)
HPRegen  0.10/turn              e - ring of poison resistance {rPois, !d}
MPRegen  0.11/turn              (no ring)

@: very slightly contaminated
A: cold resistance 1, powered by death 1
a: no special abilities


You were on level 3 of the Dungeon.
You were hungry.

You visited 1 branch of the dungeon, and saw 3 of its levels.

You collected 66 gold pieces.

Inventory:

Hand Weapons
 a - a +1 whip of venom (weapon)
   (You found it on level 1 of the Dungeon)
 h - a +2 dagger of flaming
   (You found it on level 2 of the Dungeon)
Missiles
 b - 22 sling bullets
 d - 108 stones (quivered)
Armour
 k - a +0 robe (worn)
Jewellery
 e - a ring of poison resistance (left hand) {rPois, !d}
   (You found it on level 1 of the Dungeon)
Scrolls
 f - 3 scrolls of identify {unknown}
 i - a scroll of enchant armour {unknown}
 j - a scroll of noise {unknown}
 m - 2 scrolls of teleportation {unknown}
Potions
 g - a potion of curing {unknown}
Comestibles
 c - 5 rations
 l - a chunk of flesh {@w0}


   Skills:
 + Level 1.3 Maces & Flails
 - Level 1.7 Dodging
 - Level 1.7 Stealth
 + Level 2.8 Spellcasting
 + Level 2.3 Conjurations
 + Level 3.3 Fire Magic


You couldn't memorise any spells.
You knew the following spells:

 Your Spells              Type           Power        Failure   Level  Hunger
a - Flame Tongue          Conj/Fire      ##...        5%          1    #......
b - Conjure Flame         Conj/Fire      ##......     16%         3    ###....
c - Sticky Flame          Conj/Fire      ##......     47%         4    #####..


Dungeon Overview and Level Annotations

Branches:
Dungeon (3/15)

Altars:
Hepliaklqana

Annotations:
D:3 Anon1729's ghost, amateur DsFE


Innate Abilities, Weirdness & Mutations

Your flesh is cold resistant. (rC+)
You regenerate a little health from kills.


Message History

Aiming: Flame Tongue (safe; 5% risk of failure)
Press: ? - help, Shift-Dir - straight line, f - gnoll
Aim: a gnoll, wielding a whip The flame tongue hits the gnoll.
The gnoll is severely wounded.
Casting: Flame Tongue (safe; 5% risk of failure)
Confirm with . or Enter, or press ? or * to list all spells.
Aiming: Flame Tongue (safe; 5% risk of failure)
Press: ? - help, Shift-Dir - straight line, f/p - gnoll
Aim: a gnoll, wielding a whip (severely wounded)
The flame tongue hits the gnoll.
You kill the gnoll!
Things that are here:
a whip; a gnoll corpse You butcher the gnoll corpse.
l - a chunk of flesh {@w0}
Things that are here:
a whip; a gnoll skeleton
There is a stone staircase leading down here.
You start resting.
Magic restored.
You climb downwards.
There is a stone staircase leading up here.
A bat comes into view.
The helpless bat fails to defend itself.
You hit the bat.
The bat is poisoned.
The bat is moderately wounded.
The bat barely misses you.
You hit the bat.
You kill the bat!
No target in view!
m - 2 scrolls labeled SAGADYONEA (gained 1)
There are no items here.
You pick up a book of Conjurations and begin reading...
You add the spells Magic Dart, Searing Ray, Dazzling Spray, Fulminant Prism, Force Lance and Iskenderun's Mystic Blast to your library.
You now have 66 gold pieces (gained 11).
f - 3 scrolls labeled WUNIHI DAKO (gained 1)
A goblin comes into view.
This spell is very dangerous to cast!
Memorise Sticky Flame, consuming 4 spell levels and leaving 0?
You start memorising the spell.
You continue memorising. x4
You finish memorising.
Spell assigned to 'c'.
Okay, then.
A ball python comes into view.
The ball python hisses angrily.
The goblin shouts!
You closely miss the ball python. The ball python barely misses you.
The ball python closely misses you.
You barely miss the ball python.
The ball python bites you but does no damage.
The ball python barely misses you. x2; The ball python grabs you.
The ball python constricts you.
You closely miss the ball python.
The ball python bites you but does no damage.
The ball python constricts you.
You hit the ball python.
You kill the ball python!
You closely miss the goblin. The goblin hits you.
Anon1729's ghost (amateur Demonspawn Fire Elementalist) comes into view.
You miss the goblin. The goblin barely misses you.
You barely miss the goblin. The goblin hits you.
You hit the goblin.
The goblin is poisoned.
The goblin is severely wounded.
The goblin misses you.
You kill the goblin!
Anon1729's ghost says, "Would you like to be cremated?"
Casting: Flame Tongue (safe; 5% risk of failure)
Confirm with . or Enter, or press ? or * to list all spells.
Aiming: Conjure Flame (safe; 16% risk of failure)
Press: ? - help, Dir - move target cursor You miscast Conjure Flame.
You are very lightly contaminated with residual magic.
Sparks fly from your hands!
Anon1729's ghost screams, "You must not succeed where I failed!"
You are feeling hungry.
Your magical contamination has completely faded away.
There is a stone staircase leading up here.
Casting: Conjure Flame (safe; 16% risk of failure)
Confirm with . or Enter, or press ? or * to list all spells.
The spell is very dangerous to cast (47% risk of failure)!
Continue anyway? [Y]es or [N]o only, please.
The spell is very dangerous to cast (47% risk of failure)!
Continue anyway?
Aiming: Sticky Flame (very dangerous; 47% risk of failure)
Press: ? - help, Shift-Dir - straight line, f - Anon1729's ghost
Aim: Anon1729's ghost You miscast Sticky Flame.
You are very lightly contaminated with residual magic.
The air around you burns with energy! Anon1729's ghost closely misses you.
Casting: Sticky Flame (very dangerous; 47% risk of failure)
Confirm with . or Enter, or press ? or * to list all spells.
The spell is very dangerous to cast (47% risk of failure)!
Continue anyway?
Aiming: Sticky Flame (very dangerous; 47% risk of failure)
Press: ? - help, Shift-Dir - straight line, f/p - Anon1729's ghost
Aim: Anon1729's ghost You miscast Sticky Flame.
Energy rips through your body!
Ouch! That really hurt!
* * * LOW HITPOINT WARNING * * *
Anon1729's ghost hits you.
* * * LOW HITPOINT WARNING * * *
Anon1729's ghost hits you.
You die...

#...# #....# #. #...#
#....# #..###...###....#
#...............#+####.#
#..................<...#
#...###.#.#......gg....#
#...#...#.....#...........
#...#.#.###.#.#.......####
#...#.#.W@....'.......+
#...#.####.##.#.......#
#.......................
#...###.##.##.#########.
#.......#..##.#
#..######.###.# #..# ..
#.# #..# .. ... #..# #)#


You could see Anon1729's ghost.

Vanquished Creatures
  Terence (D:2)
  A gnoll (D:2)
  An adder (D:1)
  2 worms
  3 dart slugs
  2 ball pythons
  2 giant cockroaches (D:1)
  3 goblins
  4 hobgoblins
  A quokka (D:2)
  8 bats
  4 frilled lizards (D:1)
  8 kobolds
  7 rats
47 creatures vanquished.

Notes
Turn   | Place    | Note
-------+----------+-------------------------------------------
     0 | D:1      | sankara the Demonspawn Fire Elementalist began the quest for the Orb.
     0 | D:1      | Reached XP level 1. HP: 13/13 MP: 3/3
    63 | D:1      | HP: 2/13 [giant cockroach (2)]
   370 | D:1      | Gained mutation: Your flesh is cold resistant. (rC+) [demonic ancestry]
   370 | D:1      | Reached XP level 2. HP: 19/19 MP: 3/5
   482 | D:1      | Reached skill level 3 in Fire Magic
  1038 | D:2      | Reached XP level 3. HP: 23/24 MP: 6/6
  1053 | D:1      | Learned a level 3 spell: Conjure Flame
  1128 | D:1      | HP: 6/24 [poisoned by an adder]
  1136 | D:1      | HP: 5/24 [poisoned by an adder]
  1422 | D:2      | Reached skill level 2 in Conjurations
  1689 | D:2      | Found a hazy altar of Hepliaklqana.
  1907 | D:2      | Found a faded altar of an unknown god.
  1973 | D:2      | Noticed Terence
  1985 | D:2      | Killed Terence
  1985 | D:2      | Reached skill level 1 in Maces & Flails
  1985 | D:2      | Gained mutation: You regenerate a little health from kills. [demonic ancestry]
  1985 | D:2      | Reached XP level 4. HP: 16/30 MP: 2/8
  2341 | D:3      | HP: 4/30 [gnoll/whip (5)]
  2703 | D:3      | Learned a level 4 spell: Sticky Flame
  2711 | D:3      | Noticed Anon1729's ghost (amateur DsFE)
  2745 | D:3      | HP: 7/30 [something (23)]
  2745 | D:3      | HP: 1/30 [Anon1729's ghost (6)]
  2746 | D:3      | Slain by Anon1729's ghost

Vault maps used:
D:1:      sevenhm_arrival_forest_fort_small_4
D:2:      chequers_ecumenical_altar_simple_redux, kennysheep_flooded_box,
          grunt_ministairs_14, uniq_terence
D:3:      minmay_misc_feat_square, minmay_misc_feat_cross,
          minmay_misc_feat_doors, uniq_natasha

Skill      XL: |  1  2  3 |
---------------+----------+-----
Fire Magic     | 3 |  3.3
Conjurations   | 2 |  2.3
Maces & Flails | 1 |  1.3
Dodging        | |  1.7
Stealth        | |  1.7
Spellcasting   | |  2.8

Action                   |  1- 3 |  4- 6 || total
-------------------------+-------+-------++-------
Melee: Unarmed           |    25 |       ||    25
       Whip              |    83 |    22 ||   105
Throw: Stone             |     2 |       ||     2
 Cast: Flame Tongue      |    21 |     3 ||    24
       Conjure Flame     |     1 |     2 ||     3
 Stab: Sleeping          |     5 |     1 ||     6
  Eat: Chunk             |     4 |     2 ||     6
Armor: Robe              |    37 |     4 ||    41
Dodge: Dodged            |    94 |    13 ||   107

Table legend:
 A = Spawn XP
 B = Non-spawn XP
 C = Spawn XP percentage of total XP
 D = Spawn monster count
 E = Non-spawn monster count
 F = Spawn count percentage of total count
 G = Total turns spent on level
                    A         B        C        D         E        F      G
               +---------+---------+-------+---------+---------+-------+---------
         Total |       0 |     144 |   0.0 |       0 |      47 |   0.0 |  2746
               +---------+---------+-------+---------+---------+-------+---------
           D:1 |       0 |      53 |   0.0 |       0 |      26 |   0.0 |  1542
           D:2 |       0 |      80 |   0.0 |       0 |      16 |   0.0 |  1054
           D:3 |       0 |      11 |   0.0 |       0 |       5 |   0.0 |   150
               +---------+---------+-------+---------+---------+-------+---------

Vault maps used:
D:1:      sevenhm_arrival_forest_fort_small_4
D:2:      chequers_ecumenical_altar_simple_redux, kennysheep_flooded_box,
          grunt_ministairs_14, uniq_terence
D:3:      minmay_misc_feat_square, minmay_misc_feat_cross,
          minmay_misc_feat_doors, uniq_natasha

Table legend:
 A = Turns spent in this place as a percentage of turns spent in the entire game.
 B = Non-inter-level travel turns spent in this place as a percentage of non-inter-level travel turns spent in the entire game.
 C = Inter-level travel turns spent in this place as a percentage of turns spent in this place.
 D = Turns resting spent in this place as a percentage of non-inter-level travel turns spent in this place.
 E = Turns spent auto-exploring this place as a percentage of non-inter-level travel turns spent in this place.
 F = Non-inter-level travel turns spent in this place divided by the number of levels of this place that you've seen.
                   A       B       C       D       E      F
               +-------+-------+-------+-------+-------+----------------------
         Total | 100.0 | 100.0 |   1.3 |  45.4 |  30.1 | 903.3
       Dungeon | 100.0 | 100.0 |   1.3 |  45.4 |  30.1 | 903.3
               +-------+-------+-------+-------+-------+----------------------

Table legend:
 A = Kills in this place as a percentage of kills in entire the game.
 B = Kills by you in this place as a percentage of kills by you in the entire game.
 C = Kills by friends in this place as a percentage of kills by friends in the entire game.
 D = Other kills in this place as a percentage of other kills in the entire game.
 E = Experience gained in this place as a percentage of experience gained in the entire game.
 F = Experience gained in this place divided by the number of levels of this place that you have seen.
                   A       B       C       D       E      F
               +-------+-------+-------+-------+-------+----------------------
         Total | 100.0 | 100.0 |   N/A |   N/A | 100.0 |  48.0
       Dungeon | 100.0 | 100.0 |   N/A |   N/A | 100.0 |  48.0
               +-------+-------+-------+-------+-------+----------------------
